 Dungeon Crawl Stone Soup version 0.20.1-1-g8b1a95d (webtiles) character file.

351 dvd the Chiller (level 6, -5/48 HPs)
             Began as a Ghoul Ice Elementalist on Oct 13, 2017.
             Slain by Blork the orc
             ... wielding a +0 scimitar
              (8 damage)
             ... on level 3 of the Dungeon.
             The game lasted 00:10:25 (3436 turns).

dvd the Chiller (Ghoul Ice Elementalist)            Turns: 3436, Time: 00:10:26

Health: -5/48      AC:  8    Str: 12    XL:     6   Next: 61%
Magic:  10/10      EV: 12    Int: 12    God:
Gold:   205        SH:  0    Dex:  9    Spells: 6/12 levels left

rFire    x . .     SeeInvis .   l - +0 dagger (venom)
rCold    + + .     Gourm    .   (no shield)
rNeg     + + +     Faith    .   a - +0 robe
rPois    ∞         Spirit   .   (no helmet)
rElec    .         Reflect  .   (no cloak)
rCorr    .         Harm     .   d - +0 pair of gloves
MR       .....                  (no boots)
Stlth    ++........             k - amulet of inaccuracy (curse)
Regen    0.0/turn               j - ring of ice
MPRegen  0.2/turn               (no ring)

@: icy armour, rotting, slow
A: rotting body, claws 1, carnivore 3, cold resistance 1, negative energy
resistance 3, inhibited regeneration, torment resistance, unbreathing
a: no special abilities


You were on level 3 of the Dungeon.
You were not hungry.

You visited 1 branch of the dungeon, and saw 4 of its levels.

You collected 205 gold pieces.

Inventory:

Hand Weapons
 l - a +0 dagger of venom (weapon)
Armour
 a - a +0 robe (worn)
 d - a +0 pair of gloves (worn)
Jewellery
 j - a ring of ice (left hand)
 k - a cursed amulet of inaccuracy (around neck)
 p - an uncursed amulet of guardian spirit
Wands
 o - a wand of flame (16/48)
Scrolls
 e - a scroll of amnesia {unknown}
 g - a scroll of remove curse {unknown}
Potions
 h - 2 potions of haste
 m - 3 potions of curing {unknown}
 n - a potion of invisibility {unknown}
 q - a potion of might {unknown}
 r - a potion of flight {unknown}
Books
 b - a book of Frost

   Spells                             Type                      Level
   a - Freeze                         Ice                          1
   b - Throw Frost                    Conjuration/Ice              2
   c - Ozocubu's Armour               Charms/Ice                   3
   d - Throw Icicle                   Conjuration/Ice              4
   e - Summon Ice Beast               Ice/Summoning                4
Comestibles
 c - 5 meat rations


   Skills:
 + Level 2.1 Fighting
 + Level 1.2 Short Blades
 + Level 2.8 Dodging
 + Level 2.7 Stealth
 + Level 0.7 Unarmed Combat
 + Level 3.5 Spellcasting
 + Level 0.7 Conjurations
 + Level 0.5 Charms
 + Level 4.7 Ice Magic
 + Level 0.1 Evocations


You had 6 spell levels left.
You knew the following spells:

 Your Spells              Type           Power        Failure   Level  Hunger
a - Freeze                Ice            ###.         3%          1    #......
b - Throw Frost           Conj/Ice       ##....       12%         2    ##.....
c - Ozocubu's Armour      Chrm/Ice       ##......     24%         3    ###....


Dungeon Overview and Level Annotations

Branches:
Dungeon (4/15)
 Temple: D:4-7

Altars:
Zin
The Shining One

Annotations:
D:4 Blork the orc


Innate Abilities, Weirdness & Mutations

Your body is rotting away.
You thrive on raw meat.
You are immune to poison.
You have sharp fingernails.
You are carnivorous and can eat meat at any time.
Your flesh is cold resistant. (rC+)
You are immune to negative energy. (rN+++)
You do not regenerate when monsters are visible.
You are immune to unholy pain and torment.
You can survive without breathing.


Message History

You climb upwards.
There is a stone staircase leading down here.
You start resting.
Something hits you but does no damage. Something hits you. Something hits you!
* * * LOW HITPOINT WARNING * * *
Something hits you but does no damage.
Okay, then.
Unknown command.
You hear some strange, mumbled words.
A puff of frost appears from out of thin air!
The puff of frost hits you! You resist.
* * * LOW HITPOINT WARNING * * *
A magic dart appears from out of thin air!
The magic dart hits you!
* * * LOW HITPOINT WARNING * * *
Evoke which item? (* to show all) (? for menu, Esc to quit)
Aiming: Throw Flame
Press: ? - help, Shift-Dir - straight line This wand has 16 charges left.
Something hits you!
You die...

...≈#..#####.#.#...#.............
≈≈≈≈#.....................#..#...
≈♣P≈#..#.###.#.#...#..###........
≈≈≈≈#..#.# #.#.#...#.............
≈≈≈≈#..#.###.#.#...#...##.#......
P≈P≈#.<#.#.................(.....
#'###).#.#>#.................#...
...P#..#.#.#.#.#.#...............
.©.8#...........@....>...........
#####..#.#.#.....................
.....................#.###.#.#.#.
.................................
#................................
#.#............#.##.##.###.......
#.#....#.#.#.....................
#.#......#.#...#.##.##.###...##..
#.#......#.#......#.##.###...##..


There were no monsters in sight!

Vanquished Creatures
  A scorpion (D:4)
  2 electric eels (D:3)
  A worker ant (D:4)
  7 gnolls
  5 adders
  An ooze (D:3)
  A worm (D:3)
  5 dart slugs
  A leopard gecko (D:1)
  4 orcs (D:3)
  A ball python (D:1)
  3 giant cockroaches
  8 goblins
  7 hobgoblins
  4 kobolds
  3 quokkas
  7 bats
  7 frilled lizards (D:1)
  9 rats
77 creatures vanquished.

Notes
Turn   | Place    | Note
-------+----------+-------------------------------------------
     0 | D:1      | dvd the Ghoul Ice Elementalist began the quest for the Orb.
     0 | D:1      | Reached XP level 1. HP: 14/14 MP: 2/2
   222 | D:1      | Reached XP level 2. HP: 20/20 MP: 0/4
   366 | D:1      | Learned a level 2 spell: Throw Frost
   701 | D:1      | Reached XP level 3. HP: 26/26 MP: 3/5
  1531 | D:2      | Found a glowing silver altar of Zin.
  1646 | D:3      | Found a transporter.
  1660 | D:3      | Reached skill level 4 in Ice Magic
  1660 | D:3      | Reached XP level 4. HP: 30/34 MP: 3/6
  1916 | D:3      | Found a transporter.
  2246 | D:3      | Learned a level 3 spell: Ozocubu's Armour
  2447 | D:3      | Reached XP level 5. HP: 15/39 MP: 4/8
  2523 | D:3      | Reached skill level 1 in Fighting
  2604 | D:2      | Reached skill level 1 in Short Blades
  3178 | D:3      | Reached XP level 6. HP: 39/48 MP: 8/10
  3216 | D:4      | Found a glowing golden altar of the Shining One.
  3406 | D:4      | Noticed Blork the orc
  3436 | D:3      | Slain by Blork the orc

Skill      XL: |  1  2  3  4  5  6 |
---------------+-------------------+-----
Spellcasting   | 2 3 |  3.5
Dodging        | 2 |  2.8
Ice Magic      | 4 |  4.7
Fighting       | 1 2 |  2.1
Short Blades   | 1 |  1.2
Stealth        | |  2.7
Unarmed Combat | |  0.7
Conjurations   | |  0.7
Charms         | |  0.5
Evocations     | |  0.1

Action                   |  1- 3 |  4- 6 || total
-------------------------+-------+-------++-------
Melee: Unarmed           |    36 |       ||    36
       Dagger            |    14 |    93 ||   107
       Punch             |       |     1 ||     1
 Cast: Freeze            |    45 |    26 ||    71
       Throw Frost       |     5 |    16 ||    21
       Ozocubu's Armour  |       |     5 ||     5
Evoke: Wand              |       |     5 ||     5
  Use: Scroll            |     6 |     1 ||     7
 Stab: Sleeping          |     3 |     2 ||     5
  Eat: Chunk             |    10 |    26 ||    36
Armor: Robe              |    18 |    23 ||    41
Dodge: Dodged            |    59 |    56 ||   115
